 Dungeon Crawl Stone Soup version 0.27.1-34-g3ba077fa99 (webtiles) character file.

Game seed: 13051202326660942101

719 ticklebelly the Chopper (level 7, -10/61 (63) HPs)
             Began as a Minotaur Berserker on Jan 1, 2022.
             Was a Priest of Trog.
             Mangled by a wight (16 damage)
             ... on level 6 of the Dungeon.
             The game lasted 00:13:30 (3049 turns).

ticklebelly the Chopper (Minotaur Berserker)        Turns: 3049, Time: 00:13:31

HP:   -10/61 (63)   AC:  8    Str: 29    XL:     7   Next: 42%
MP:   6/6           EV: 12    Int:  4    God:    Trog [***...]
Gold: 158           SH:  0    Dex: 10    Spells: 6/6 levels left

rFire    . . .     SeeInvis .   a - +0 hand axe
rCold    . . .     Faith    .   (no shield)
rNeg     . . .     Spirit   .   j - +0 ring mail
rPois    .         Reflect  .   (helmet restricted)
rElec    .         Harm     .   (no cloak)
rCorr    .         Rampage  .   r - +0 pair of gloves
Will     .....                  e - +0 pair of boots
Stlth    ..........             (no amulet)
HPRegen  0.20/turn              g - +6 ring of strength
MPRegen  0.10/turn              (no ring)

@: marked, lightly drained
A: horns 2, retaliatory headbutt
a: Renounce Religion, Berserk, Trog's Hand


You were on level 6 of the Dungeon.
You worshipped Trog.
Trog was most pleased with you.
You visited 1 branch of the dungeon, and saw 6 of its levels.

You collected 158 gold pieces.

Inventory:

Hand Weapons
 a - a +0 hand axe (weapon)
Armour
 e - a +0 pair of boots (worn)
 j - a +0 ring mail (worn)
 r - a +0 pair of gloves (worn)
Jewellery
 g - a +6 ring of strength (left hand)
Scrolls
 b - 2 scrolls of noise {unknown}
 f - a scroll of amnesia {unknown}
 i - a scroll of enchant armour {unknown}
 k - a scroll of enchant weapon {unknown}
 n - a scroll of silence {unknown}
 o - a scroll of teleportation {unknown}
 q - a scroll of identify {unknown}
Potions
 c - a potion of flight {unknown}
 d - 2 potions of curing
 h - 2 potions of mutation {unknown}
 l - a potion of berserk rage {unknown}
 m - a potion of resistance {unknown}
 p - 2 potions of brilliance {unknown}


   Skills:
 + Level 6.2 Fighting
 + Level 6.3 Axes
 + Level 5.2 Armour
 + Level 4.7 Dodging


You had 6 spell levels left.
You didn't know any spells.
Your spell library was empty.

Dungeon Overview and Level Annotations

Branches:
Dungeon (7/15)
 Temple: D:4-7

Altars:


Innate Abilities, Weirdness & Mutations

You have a pair of horns on your head.
You reflexively headbutt those who attack you in melee.


Message History

Trog accepts your kill.
You hit the orc warrior. The orc warrior barely misses you.
You furiously retaliate!
You headbutt the orc warrior! You barely miss the orc warrior.
You headbutt the orc warrior.
You kill the orc warrior!
Trog accepts your kill.
Your Armour skill increases to level 5!
Things that are here:
a +0 war axe; a +0 ring mail; an orc corpse It was a potion of curing.
You feel better.
A jelly comes into view.
The orc priest barely misses you. You furiously retaliate!
You headbutt the orc priest! You closely miss the orc priest.
The orc priest is almost dead.
A wight comes into view.
It is wielding a +3 halberd of freezing.
The orc priest closely misses you. You furiously retaliate!
You headbutt the orc priest.
You kill the orc priest!
Trog accepts your kill.
Things that are here:
a +0 hand axe; a scroll labelled GULOUP GOWKAINT; an orc corpse You hit the jelly.
Your hands burn!
* * * LOW HITPOINT WARNING * * *
You headbutt the jelly.
The jelly is moderately wounded.
You hit the wight but do no damage. The jelly hits you but does no damage.
The wight hits you with a +4 long sword!
* * * LOW HITPOINT WARNING * * *
You feel drained.
* * * LOW HITPOINT WARNING * * *
A wight comes into view. It is wielding a +0 dagger.
You slash the jelly!
Your hands burn!
* * * LOW HITPOINT WARNING * * *
You headbutt the jelly.
You kill the jelly!
Trog accepts your kill.
You barely miss the wight.
The wight hits you with a +4 long sword!
You die...

.# #........# .#
#.######.# .# #.#
#.# .# #.# #.# .##
#.# #.# ..# #.#
#.#
..#####.######.###
#.......##...!...#
##.#...###.#####@#
.##....# #.# #z#
#..#...###.# #5#
#........#.# #z#
..##.>.#.#.#####)#
.####.##.#.....z.#
## #.# ####.####
#.# #.# #.# #.#


You could see 3 wights and an ufetubus.

Vanquished Creatures
  An orc warrior (D:6)
  A black bear (D:6)
  A necrophage (D:7)
  A centaur (D:6)
  A jelly (D:6)
  An orc priest (D:6)
  A gnoll shaman (D:6)
  2 iguanas
  A killer bee zombie (D:7)
  2 hound skeletons (D:3)
  2 howler monkey zombies
  An adder (D:2)
  11 gnolls
  An adder zombie (D:3)
  4 worms
  5 dart slugs
  An orc (D:6)
  4 endoplasms
  3 giant cockroaches
  6 goblins
  3 hobgoblins
  2 jackals (D:2)
  4 ball pythons
  A ball python zombie (D:3)
  8 bats
  5 frilled lizards
  5 kobolds
  A quokka skeleton (D:3)
  4 rats
83 creatures vanquished.

Vanquished Creatures (others)
  4 plants (D:6)
  2 withered plants (D:3)
6 creatures vanquished.

Grand Total: 89 creatures vanquished

Notes
Turn   | Place    | Note
-------+----------+-------------------------------------------
     0 | D:1      | ticklebelly the Minotaur Berserker began the quest for the
                  | Orb.
     0 | D:1      | Reached XP level 1. HP: 19/19 MP: 0/0
   147 | D:1      | Found a faded altar of an unknown god.
   239 | D:1      | Reached XP level 2. HP: 27/27 MP: 1/1
   673 | D:1      | Reached ** piety under Trog
   674 | D:1      | Reached XP level 3. HP: 27/33 MP: 2/2
  1165 | D:2      | Reached XP level 4. HP: 41/41 MP: 3/3
  1594 | D:2      | Reached XP level 5. HP: 45/47 MP: 4/4
  2036 | D:3      | Reached skill level 5 in Axes
  2397 | D:3      | Reached skill level 5 in Fighting
  2437 | D:3      | Reached *** piety under Trog
  2745 | D:4      | You fall into a shaft and drop 3 floors!
  2755 | D:7      | Noticed a necrophage
  2760 | D:7      | Killed a necrophage
  2761 | D:7      | Reached XP level 6. HP: 51/56 MP: 5/5
  2987 | D:6      | Reached XP level 7. HP: 33/63 MP: 6/6
  3043 | D:6      | Reached skill level 5 in Armour
  3049 | D:6      | Mangled by a wight

Illustrated notes

Levels and vault maps discovered:
D:1:      dpeg_arrival_three_same_balls, layout_loops_ring,
          shapermc_ecumenical_altar_mp_urbaneastern
D:2:      layout_loops_ring
D:3:      layout_basic, serial_undead, serial_undead_f, serial_undead_c,
          serial_undead_b, serial_undead_f, minmay_stone_trees_medium,
          palyth_stone_intersect
D:4:      layout_cave_pools, corexii_checkpoint_a, minmay_joined_circles
D:6:      layout_loops_ring, lightli_sewer_entry_pipes, serial_bayou_lake_a
D:7:      layout_loops_cross, minmay_temple_entry_proselytizer,
          lightli_minifort, uniq_joseph, uniq_duvessa

Skill      XL: |  1  2  3  4  5  6  7 |
---------------+----------------------+-----
Fighting       | 4 5 6 |  6.2
Axes           | 4 5 6 |  6.3
Armour         | 3 4 5 |  5.2
Dodging        | 3 4 |  4.7

Action                   |  1- 3 |  4- 6 |  7- 9 || total
-------------------------+-------+-------+-------++-------
Melee: Hand axe          |    63 |   105 |     9 ||   177
       Headbutt          |    12 |    29 |     3 ||    44
Invok: Berserk           |     1 |     1 |       ||     2
  Use: Potion            |       |       |     1 ||     1
Armor: Animal skin       |     4 |       |       ||     4
       Leather armour    |    11 |     6 |       ||    17
       Ring mail         |       |    31 |     1 ||    32
Dodge: Dodged            |    48 |    69 |     5 ||   122
